Cogmind - Beta 13 X1 @@@ ROGUE MODE // 2023.09.27 @ 18:02:24 Player: DuckBoy Result: Destroyed by P-70 Sage with Tesla Rifle Performance ------------- Evolutions (4) 2000 Regions Visited (16) 3200 Robots Destroyed (142) 710 Value Destroyed (3379) 3379 Prototype IDs (24) 480 Alien Tech Used (0) 0 Bonus (4050) 4050 TOTAL SCORE: 13819 Bonus ------- High Alert Combat Kills 48 Follower Combat Kills 76 Entered Garrisons 800 Used RIF Installer 3000 Aligned with FarCom 300 Friendly Fire -174 Cogmind --------- Core Integrity 0/850 Matter 300/300 Energy 100/100 System Corruption 1% Temperature Cool (0) Movement Core (200) Ox3 Location -6/Garrison Parts ------- > --- POWER (1) -------- (None) > --- PROPULSION (4) --- (None) > --- UTILITY (8) ------ Medium Storage Unit Core Analyzer Hacking Suite Hacking Suite System Shield > --- WEAPON (2) ------- (None) > --- INVENTORY (10) --- Light Nuclear Core Improved Trap Scanner Improved Cloaking Device System Shield Improved System Restoration Module Trap Reconfigurator Peak State ------------ > --- POWER ------------ Light Fission Core > --- PROPULSION ------- Xenon Bombardment Thruster Xenon Bombardment Thruster Xenon Bombardment Thruster Xenon Bombardment Thruster > --- UTILITY ---------- Medium Storage Unit Core Analyzer Hacking Suite Hacking Suite Hacking Suite Improved Hacking Suite System Shield Trap Reconfigurator > --- WEAPON ----------- Mini Grenade Launcher Katana > --- INVENTORY -------- Light Nuclear Core Xenon Bombardment Thruster Nuclear Pulse Thruster Improved Trap Scanner Advanced ECM Suite Improved Cloaking Device Light Armor Plating System Shield Improved System Restoration Module Katana [Rating: 61] Favorites ----------- Power Light Ion Engine Engine Light Ion Engine Power Core Nuclear Core Propulsion Armored Wheel Treads Light Treads Leg Aluminum Leg Wheel Armored Wheel Hover Unit Backup Propulsion I Flight Unit Xenon Bombardment Thruster Utility Hacking Suite Device Improved Heat Sink Storage Large Storage Unit Processor Core Analyzer Hackware Hacking Suite Protection Medium Armor Plating Weapon Katana Energy Gun Heavy EM Pulse Gun Ballistic Gun Assault Rifle Launcher Mini Grenade Launcher Special Weapon Remote Datajack Slashing Weapon Katana Build | -11 -10 -10 -9 -9 -9 -8 -8 -8 -8 -8 -7 -7 -7 -7 -6 -6 ------- Run | Jun Mat Min Mat Min Exi Min Mat Gar Mat Gar Fac Was Fac Gar Fac Gar Slots Evolved 8 | . . . 2 . . . 2 . . . 2 . . . 2 . Power . | . . . . . . . . . . . . . . . . . Propulsion 2 | . . . 2 . . . . . . . . . . . . . Utility 6 | . . . . . . . 2 . . . 2 . . . 2 . Weapon . | . . . . . . . . . . . . . . . . . Parts Attached 115 | 6 24 2 19 1 . . 15 5 1 1 3 . 17 . 13 8 Power 13 | 1 7 . 1 1 . . . . 1 . . . 1 . 1 . Engine 11 | 1 7 . 1 1 . . . . 1 . . . . . . . Core 2 | . . . . . . . . . . . . . 1 . 1 . Reactor . | . . . . . . . . . . . . . . . . . Propulsion 27 | 2 7 . 4 . . . 4 2 . . . . 2 . 1 5 Treads 4 | . 2 . . . . . 1 . . . . . . . . 1 Leg 3 | 1 . . . . . . . . . . . . . . . 2 Wheel 8 | 1 2 . 4 . . . 1 . . . . . . . . . Hover 2 | . 2 . . . . . . . . . . . . . . . Flight 10 | . 1 . . . . . 2 2 . . . . 2 . 1 2 Utility 40 | 1 3 1 2 . . . 5 2 . 1 2 . 10 . 11 2 Device 22 | . 2 1 . . . . 1 1 . . 1 . 8 . 7 1 Storage 4 | 1 1 . 1 . . . . 1 . . . . . . . . Processor 1 | . . . . . . . . . . . 1 . . . . . Hackware 8 | . . . . . . . 2 . . 1 . . 1 . 4 . Protection 5 | . . . 1 . . . 2 . . . . . 1 . . 1 Artifact . | . . . . . . . . . . . . . . . . . Weapon 35 | 2 7 1 12 . . . 6 1 . . 1 . 4 . . 1 Energy Gun 14 | 1 4 . 8 . . . 1 . . . . . . . . . Energy Cannon . | . . . . . . . . . . . . . . . . . Ballistic Gun 2 | 1 1 . . . . . . . . . . . . . . . Ballistic Cannon . | . . . . . . . . . . . . . . . . . Launcher 12 | . 2 1 4 . . . 2 1 . . . . 2 . . . Special Weapon 1 | . . . . . . . . . . . 1 . . . . . Impact Weapon . | . . . . . . . . . . . . . . . . . Slashing Weapon 6 | . . . . . . . 3 . . . . . 2 . . 1 Piercing Weapon . | . . . . . . . . . . . . . . . . . Special Melee Weapon . | . . . . . . . . . . . . . . . . . Unidentified Prototypes 1 | . . . 1 . . . . . . . . . . . . . Corrupted Parts 1 | . . . . . . . . . . 1 . . . . . . System Corruption 2 | . . . . . . . . . . 2 . . . . . . Parts Lost 30 | . 2 . 6 . . . 7 . . . . . . . . 15 Power 5 | . 1 . 2 . . . 1 . . . . . . . . 1 Propulsion 12 | . 1 . . . . . 3 . . . . . . . . 8 Utility 6 | . . . 1 . . . 2 . . . . . . . . 3 Weapon 7 | . . . 3 . . . 1 . . . . . . . . 3 Highest Loss Streak 15 | . 1 . 2 . . . 3 . . . . . . . . 15 To Critical Strikes 1 | . . . 1 . . . . . . . . . . . . . Average Slot Usage (%) 96 | . 97 100 97 100 100 100 88 89 92 100 92 100 99 100 98 84 Engine 6 | . 12 14 10 11 11 11 3 . 2 9 7 7 . . . . Core 1 | . . . . . . . . . . . . . 6 7 6 3 Treads 1 | . 6 . . . . . 3 . . . . . . . . . Wheel 19 | . 13 28 43 44 44 44 26 . . . . . . . . . Flight 10 | . 1 . . . . . 2 35 36 36 30 30 29 30 25 19 Device 6 | . 14 14 9 . . . 1 9 9 9 3 7 6 7 5 3 Storage 9 | . 14 14 11 11 11 11 9 9 9 9 7 7 7 7 6 6 Processor 1 | . . . . . . . . . . . 4 7 7 7 6 6 Hackware 11 | . . . . . . . 16 18 18 18 23 23 23 23 33 31 Protection 2 | . . . 1 11 11 11 6 . . . . . . . . . Energy Gun 8 | . 17 14 17 11 11 11 5 . . . . . . . . . Launcher 4 | . 5 13 3 11 11 11 . 5 9 9 1 . 2 7 6 4 Slashing Weapon 4 | . . . . . . . 11 12 9 9 7 7 10 7 6 5 Naked Turns . | . . . . . . . . . . . . . . . . . Heaviest Build 37 | 12 32 32 36 34 34 34 37 14 15 15 18 18 24 21 23 23 Greatest Support 48 | 10 40 24 48 48 48 48 48 24 24 24 24 24 24 24 24 24 Greatest Overweight (x) 4 | 1 3 1 . . . . 2 4 . . . . . . . 3 Average Overweight (x) . | . . 1 . . . . . . . . . . . . . . Largest Inventory Capacity 15 | 8 15 15 15 15 15 15 15 15 10 10 10 10 10 10 10 10 Average Capacity 12 | 6 11 15 15 15 15 15 15 10 10 10 10 10 10 10 10 10 Most Carried 15 | 6 10 12 15 15 15 15 15 13 10 10 10 10 10 10 10 10 Average Carried 11 | 3 8 10 12 14 14 15 14 9 9 10 8 9 9 10 9 8 Final Capacity 15 | 8 15 15 15 15 15 15 15 10 10 10 10 10 10 10 10 10 Final Carried 15 | 6 10 12 14 15 15 15 13 9 10 10 10 10 10 10 10 6 Class Distribution -------------------- 49% | Mutant 27% | Hacker-Sprinter 21% | Hacker-Mutant Dominant Class ---------------- Mutant | -10/Materials Mutant | -10/Mines Mutant | -9/Materials Mutant | -9/Mines Mutant | -9/Exiles Mutant | -8/Mines Hacker-Mutant | -8/Materials Hacker-Mutant | -8/Garrison Hacker-Mutant | -8/Materials Hacker-Mutant | -8/Garrison Hacker-Sprinter | -7/Factory Hacker-Sprinter | -7/Waste Hacker-Sprinter | -7/Factory Hacker-Sprinter | -7/Garrison Hacker-Sprinter | -6/Factory Hacker-Mutant | -6/Garrison Resources | -11 -10 -10 -9 -9 -9 -8 -8 -8 -8 -8 -7 -7 -7 -7 -6 -6 ----------- Run | Jun Mat Min Mat Min Exi Min Mat Gar Mat Gar Fac Was Fac Gar Fac Gar Matter Collected 2016 | 213 382 60 490 28 . . 226 . 50 . 55 . 211 . 12 289 Remotely . | . . . . . . . . . . . . . . . . . Salvage Created 4350 | . 704 170 1419 8 . 15 1358 . 67 . 57 . 264 . 89 199 Parts 287 | . 40 9 106 3 . 5 60 . 8 . 8 . 24 . 15 9 Haulers Intercepted 10 | . 2 . 6 . . . 1 . 1 . . . . . . . Recyclers Shooed 3 | . . . . . . . 3 . . . . . . . . . Parts Field Recycled . | . . . . . . . . . . . . . . . . . Retrieved Matter . | . . . . . . . . . . . . . . . . . Parts Self-Destructed . | . . . . . . . . . . . . . . . . . Prevented . | . . . . . . . . . . . . . . . . . Kills | -11 -10 -10 -9 -9 -9 -8 -8 -8 -8 -8 -7 -7 -7 -7 -6 -6 ------- Run | Jun Mat Min Mat Min Exi Min Mat Gar Mat Gar Fac Was Fac Gar Fac Gar Combat Hostiles Destroyed 84 | . 14 2 27 3 . 4 20 . . . . . 7 . 4 3 Melee 18 | . . . . . . . 14 . . . . . 1 . . 3 Guns 30 | . 14 1 12 . . . 3 . . . . . . . . . AOE 36 | . . 1 15 3 . 4 3 . . . . . 6 . 4 . Classes Destroyed 15 | . 8 1 3 . . . 1 . . . . . 2 . . . Worker 4 | . 1 . . . . . . . 1 . 1 . 1 . . . Builder 11 | . 1 . 3 . . 1 1 . 1 . 1 . 2 . 1 . Tunneler 3 | . . 1 1 . . . . . . . . . . . 1 . Hauler 10 | . 2 . 6 . . . 1 . 1 . . . . . . . Recycler 7 | . 1 1 3 . . . 2 . . . . . . . . . Mechanic 1 | . . . 1 . . . . . . . . . . . . . Operator 8 | . 2 . 3 . . . 1 . . . 1 . 1 . . . Watcher 13 | . 3 . 5 . . . 4 . . . . . 1 . . . Swarmer 31 | . 6 . 7 3 . 4 3 . . . . . 4 . 4 . Grunt 36 | . 8 2 14 . . . 11 . . . . . . . . 1 Brawler 3 | . . . 1 . . . . . . . . . 1 . . 1 Duelist 1 | . . . . . . . . . . . . . 1 . . . Sentry 11 | . . . 5 . . . 6 . . . . . . . . . Hunter 2 | . . . . . . . 1 . . . . . . . . 1 Programmer 1 | . . . . . . . . . . . . . 1 . . . Best Kill Streak 11 | . 5 2 11 3 . 5 4 . 3 . 2 . 5 . 5 3 Combat Bots Only 7 | . 5 2 7 3 . 4 4 . . . . . 3 . 4 3 Max Kills in Single Turn 3 | . 1 1 3 3 . 2 3 . 1 . 1 . 3 . 2 1 Gunslinging 1 | . . . 1 . . . . . . . . . . . . . Exploded 3 | . . 1 3 3 . 1 3 . . . . . 2 . 2 . Melee 1 | . . . . . . . 1 . . . . . 1 . . 1 Uniques/NPCs Destroyed . | . . . . . . . . . . . . . . . . . Combat | -11 -10 -10 -9 -9 -9 -8 -8 -8 -8 -8 -7 -7 -7 -7 -6 -6 -------- Run | Jun Mat Min Mat Min Exi Min Mat Gar Mat Gar Fac Was Fac Gar Fac Gar Damage Taken 4305 | . 481 98 590 27 . 116 1080 . . . 54 . 52 . 58 1749 Core 1411 | . 112 15 113 15 . 58 216 . . . . . 16 . 18 848 Absorbed by Shields . | . . . . . . . . . . . . . . . . . Regen/Repaired (Parts) 252 | . . . 174 . . . . . . . . . 64 . 14 . Core Remaining (%) 71 | 100 . 49 . . . 53 . . . 60 . . . 97 . . Volleys Fired 173 | . 58 8 63 2 . 6 22 . . . 1 . 9 . 4 . Largest 2 | . 2 2 2 2 . 1 2 . . . 1 . 1 . 1 . Hottest 112 | . 112 75 90 75 . 30 90 . . . 5 . 30 . 30 . Shots Fired 307 | . 113 11 117 3 . 6 43 . . . 1 . 9 . 4 . Gun 244 | . 110 7 85 1 . . 41 . . . . . . . . . Cannon . | . . . . . . . . . . . . . . . . . Launcher 61 | . 3 4 32 2 . 6 2 . . . . . 8 . 4 . Special 2 | . . . . . . . . . . . 1 . 1 . . . Kinetic 25 | . 25 . . . . . . . . . . . . . . . Thermal 71 | . 71 . . . . . . . . . . . . . . . Explosive 60 | . 3 4 32 2 . 6 1 . . . . . 8 . 4 . Electromagnetic 149 | . 14 7 85 1 . . 42 . . . . . . . . . Robot Hit Streak 14 | . 12 8 12 3 . 1 7 . . . 7 . 14 . 1 . Robot Miss Streak 4 | . 4 2 4 . . 3 3 . . . . . 1 . . . Penetration Max . | . . . . . . . . . . . . . . . . . Secondary Targets 3 | . 2 . 1 . . . . . . . . . . . . . Max Gunslinging Chain 1 | . 1 . 1 . . . . . . . . . . . . . Shots Hit Robots 278 | . 75 8 68 1 . 1 89 . 3 . 6 . 15 . 2 10 Core Hits 203 | . 36 9 78 3 . 5 36 . 2 . 2 . 18 . 9 5 Critical Kills . | . . . . . . . . . . . . . . . . . Critical Parts Destroyed . | . . . . . . . . . . . . . . . . . Critical Strikes 10 | . 4 . . . . . 6 . . . . . . . . . Burn 4 | . 4 . . . . . . . . . . . . . . . Corrupt 3 | . . . . . . . 3 . . . . . . . . . Sever 3 | . . . . . . . 3 . . . . . . . . . Melee Attacks 177 | . . . . . . . 86 . 5 6 11 . 36 5 13 15 Impact . | . . . . . . . . . . . . . . . . . Slashing 177 | . . . . . . . 86 . 5 6 11 . 36 5 13 15 Piercing . | . . . . . . . . . . . . . . . . . Sneak Attacks 16 | . . . . . . . 7 . 3 . 2 . 3 . 1 . Combat Hostiles . | . . . . . . . . . . . . . . . . . Follow-up Attacks 10 | . . . . . . . 10 . . . . . . . . . Damage Inflicted 9794 | . 1199 242 2905 147 . 322 2812 . 224 . 256 . 1096 . 302 289 Guns 2682 | . 1075 105 933 . . . 569 . . . . . . . . . Cannons . | . . . . . . . . . . . . . . . . . Explosions 3815 | . 124 137 1972 147 . 322 181 . . . . . 697 . 235 . Melee 3297 | . . . . . . . 2062 . 224 . 256 . 399 . 67 289 Ramming . | . . . . . . . . . . . . . . . . . Kinetic 185 | . 185 . . . . . . . . . . . . . . . Thermal 992 | . 782 . 175 . . . 35 . . . . . . . . . Explosive 3497 | . 44 137 1797 147 . 322 118 . . . . . 697 . 235 . Electromagnetic 1823 | . 188 105 933 . . . 597 . . . . . . . . . Impact . | . . . . . . . . . . . . . . . . . Slashing 3297 | . . . . . . . 2062 . 224 . 256 . 399 . 67 289 Piercing . | . . . . . . . . . . . . . . . . . Highest Corruption 6 | . . . . . . . . . . 2 . 5 6 . . 1 Average Corruption 4 | . . . . . . . . . . 2 . 5 4 . . 1 Corruption Purged 6 | . . . . . . . . . . . . . 6 . . . Corruption Blocked . | . . . . . . . . . . . . . . . . . Effects 14 | . . . . . . . . . . . . . 13 . . 1 Message Errors 2 | . . . . . . . . . . . . . 1 . . 1 Matter Fused 3 | . . . . . . . . . . . . . 3 . . . Heat Flow Errors 3 | . . . . . . . . . . . . . 3 . . . Energy Discharges 3 | . . . . . . . . . . . . . 3 . . . Parts Rejected 1 | . . . . . . . . . . . . . 1 . . . Data Loss (minor) 1 | . . . . . . . . . . . . . 1 . . . Data Loss (major) 1 | . . . . . . . . . . . . . 1 . . . Overload Shots . | . . . . . . . . . . . . . . . . . Overflow Damage 345 | . . 26 16 . . . 121 . 33 . 78 . 44 . 27 . Projectiles . | . . . . . . . . . . . . . . . . . Explosions 62 | . . 26 16 . . . 20 . . . . . . . . . Melee 283 | . . . . . . . 101 . 33 . 78 . 44 . 27 . Knockbacks . | . . . . . . . . . . . . . . . . . Impact . | . . . . . . . . . . . . . . . . . Kinetic . | . . . . . . . . . . . . . . . . . Secondary . | . . . . . . . . . . . . . . . . . Self-Inflicted Damage 192 | . . 7 44 1 . 90 . . . . . . 21 . 29 . Shots 10 | . . 1 3 1 . 3 . . . . . . 1 . 1 . Rammed 1 | . . . . . . . . . . . . . . . . 1 Targets Rammed 1 | . . . . . . . . . . . . . . . . 1 Kicked . | . . . . . . . . . . . . . . . . . Crushed . | . . . . . . . . . . . . . . . . . Highest Temperature 343 | . 343 4 116 15 . . 126 . . . . . 271 . . 3 Average Temperature 63 | . 105 3 34 9 . . 36 . . . . . 119 . . 3 Received Heat Transfer 1029 | . 81 36 216 . . . 549 . . . . . . . . 147 Effects 1 | . . . . . . . . . . . . . 1 . . . Energy Bleed 1 | . . . . . . . . . . . . . 1 . . . Siege Activations . | . . . . . . . . . . . . . . . . . Robots Corrupted 1 | . . . . . . . 1 . . . . . . . . . Combat Hostiles . | . . . . . . . . . . . . . . . . . Parts Fried 10 | . 1 . 4 . . . 5 . . . . . . . . . Impact Corruptions . | . . . . . . . . . . . . . . . . . Robots Melted . | . . . . . . . . . . . . . . . . . Combat Hostiles . | . . . . . . . . . . . . . . . . . Parts Melted 6 | . 4 . . . . . 2 . . . . . . . . . Heat Transferred 2459 | . 2209 . 200 . . . 50 . . . . . . . . . Parts Sabotaged . | . . . . . . . . . . . . . . . . . Parts Stolen . | . . . . . . . . . . . . . . . . . Parts Stripped . | . . . . . . . . . . . . . . . . . Power Chain Reactions 7 | . 2 . 4 . . . 1 . . . . . . . . . Missiles Intercepted . | . . . . . . . . . . . . . . . . . Alert | -11 -10 -10 -9 -9 -9 -8 -8 -8 -8 -8 -7 -7 -7 -7 -6 -6 ------- Run | Jun Mat Min Mat Min Exi Min Mat Gar Mat Gar Fac Was Fac Gar Fac Gar Peak Influence 575 | . 300 134 575 257 . 142 333 65 82 12 112 32 242 121 115 29 Initial 169 | . . 37 52 169 . . 55 65 31 . 6 2 22 86 . 16 Average 150 | . 180 110 384 168 . 40 133 65 52 5 61 8 87 85 15 15 Maximum Alert Level 2 | . 1 . 2 1 . . 1 . . . . . 1 . . . Low Security (%) 66 | 100 43 100 10 73 . 100 63 100 100 100 100 100 91 100 100 100 Level 1 24 | . 56 . 34 26 . . 36 . . . . . 8 . . . Level 2 8 | . . . 54 . . . . . . . . . . . . . Level 3 . | . . . . . . . . . . . . . . . . . Level 4 . | . . . . . . . . . . . . . . . . . Level 5 . | . . . . . . . . . . . . . . . . . High Security . | . . . . . . . . . . . . . . . . . Max Security . | . . . . . . . . . . . . . . . . . Squads Dispatched 17 | . 2 . 4 . . 1 4 . . . 2 . 1 . 3 . Investigation 7 | . 1 . 1 . . . 1 . . . 1 . 1 . 2 . Extermination 1 | . . . . . . . . . . . 1 . . . . . Reinforcement 9 | . 1 . 3 . . 1 3 . . . . . . . 1 . Assault . | . . . . . . . . . . . . . . . . . Garrison . | . . . . . . . . . . . . . . . . . Intercept . | . . . . . . . . . . . . . . . . . Searches Triggered . | . . . . . . . . . . . . . . . . . Construction Impeded 3 | . . . . . . 1 1 . . . . . . . 1 . Haulers Reinforced . | . . . . . . . . . . . . . . . . . Active Scanning Responses . | . . . . . . . . . . . . . . . . . Cargo Convoy Interrupts . | . . . . . . . . . . . . . . . . . Stealth | -11 -10 -10 -9 -9 -9 -8 -8 -8 -8 -8 -7 -7 -7 -7 -6 -6 --------- Run | Jun Mat Min Mat Min Exi Min Mat Gar Mat Gar Fac Was Fac Gar Fac Gar Distress Signals 12 | . 1 . 4 . . . 7 . . . . . . . . . Communications Jammed . | . . . . . . . . . . . . . . . . . Distress Signals . | . . . . . . . . . . . . . . . . . Times Spotted 138 | . 24 3 36 3 . 4 28 . 1 . 1 4 12 . 3 19 Peak Tracking Total 10 | . 6 2 7 3 . 4 4 . 1 . 2 4 3 . 2 10 Tactical Retreats 3 | . 1 . . . . . . . . . . . 1 . . 1 Traps | -11 -10 -10 -9 -9 -9 -8 -8 -8 -8 -8 -7 -7 -7 -7 -6 -6 ------- Run | Jun Mat Min Mat Min Exi Min Mat Gar Mat Gar Fac Was Fac Gar Fac Gar Traps Triggered 12 | . 1 . 1 . . . 1 2 . 3 1 . 1 . . 2 Indirectly . | . . . . . . . . . . . . . . . . . Trap Hack Attempts . | . . . . . . . . . . . . . . . . . Triggered . | . . . . . . . . . . . . . . . . . Disarmed . | . . . . . . . . . . . . . . . . . Reprogrammed 7 | . . . . . . . . . . . 6 . 1 . . . Reused 5 | . . . . . . . . . . . . . 2 2 1 . Traps Reconfigurated 31 | . . . . . . . . . . 4 . . 3 10 14 . Traps Extracted . | . . . . . . . . . . . . . . . . . Installed . | . . . . . . . . . . . . . . . . . Triggered 5 | . . . . . . . . . . . . . 2 2 1 . Machines | -11 -10 -10 -9 -9 -9 -8 -8 -8 -8 -8 -7 -7 -7 -7 -6 -6 ---------- Run | Jun Mat Min Mat Min Exi Min Mat Gar Mat Gar Fac Was Fac Gar Fac Gar Machines Disabled 14 | . 1 . 5 . . . 1 . 1 . . . 6 . . . Max in Single Turn 2 | . 1 . 1 . . . 1 . 1 . . . 2 . . . Garrison Access 1 | . . . . . . . . . . . . . 1 . . . Machines Repaired . | . . . . . . . . . . . . . . . . . Machines Sabotaged . | . . . . . . . . . . . . . . . . . Overloaded Fab Kills . | . . . . . . . . . . . . . . . . . Hacking | -11 -10 -10 -9 -9 -9 -8 -8 -8 -8 -8 -7 -7 -7 -7 -6 -6 --------- Run | Jun Mat Min Mat Min Exi Min Mat Gar Mat Gar Fac Was Fac Gar Fac Gar Machines Accessed 79 | . 6 . 10 . 2 1 10 . 6 . 10 . 16 1 17 . Terminals 46 | . 5 . 7 . . 1 7 . 4 . 3 . 8 1 10 . Fabricators 7 | . . . . . . . . . . . 2 . 3 . 2 . Repair Stations 8 | . 1 . 2 . . . . . 1 . 2 . 1 . 1 . Recycling Units 6 | . . . . . . . 1 . . . 1 . 2 . 2 . Scanalyzers 4 | . . . 1 . . . 1 . . . 1 . . . 1 . Garrison Access 6 | . . . . . . . 1 . 1 . 1 . 2 . 1 . Total Hacks 202 | . 12 . 27 . 2 5 27 . 9 . 25 . 42 2 51 . Successful 129 | . 4 . 14 . 2 2 17 . 5 . 18 . 29 2 36 . Failed 73 | . 8 . 13 . . 3 10 . 4 . 7 . 13 . 15 . Catastrophic 12 | . 2 . 3 . . . 3 . . . . . 1 . 3 . Database Lockouts . | . . . . . . . . . . . . . . . . . Manual 136 | . 11 . 19 . 1 5 20 . 6 . 16 . 29 2 27 . Terminals 120 | . 11 . 21 . . 5 19 . 7 . 9 . 19 2 27 . Fabricators 18 | . . . . . . . . . . . 3 . 8 . 7 . Repair Stations 18 | . 1 . 5 . . . . . 1 . 5 . 4 . 2 . Recycling Units 19 | . . . . . . . 3 . . . 2 . 8 . 6 . Scanalyzers 15 | . . . 1 . . . 4 . . . 2 . . . 8 . Garrison Access 10 | . . . . . . . 1 . 1 . 4 . 3 . 1 . Terminal Hacks 42 | . 1 . 5 . 2 2 7 . 2 . 4 . 7 2 10 . Record 1 | . . . . . 1 . . . . . . . . . . . Part Schematic 6 | . . . . . . 2 2 . . . . . 1 . 1 . Robot Schematic 4 | . 1 . . . . . . . . . . . 2 . 1 . Robot Analysis 2 | . . . . . . . . . . . . . . . 2 . Emergency Access Points 1 | . . . 1 . . . . . . . . . . . . . Machine Index 2 | . . . . . . . 1 . . . . . 1 . . . Terminal Index 6 | . . . 1 . . . 1 . 1 . 1 . 1 . 1 . Garrison Index 1 | . . . . . . . . . . . . . . . 1 . Alert Level 2 | . . . 1 . . . 1 . . . . . . . . . Unreport Threat 8 | . . . 2 . . . 2 . 1 . 1 . . 1 1 . Locate Traps 1 | . . . . . . . . . . . . . . . 1 . Reprogram Traps 2 | . . . . . . . . . . . 1 . 1 . . . Recall Investigation 2 | . . . . . . . . . . . . . 1 . 1 . Recall Extermination 1 | . . . . . . . . . . . 1 . . . . . Registered Components 1 | . . . . . . . . . . . . . . . 1 . Garrison Registry 1 | . . . . . . . . . . . . . . 1 . . Derelict Proto ID Bank 1 | . . . . . 1 . . . . . . . . . . . Fabricator Hacks 7 | . . . . . . . . . . . . . 3 . 4 . Load Schematic 4 | . . . . . . . . . . . . . 2 . 2 . Build 3 | . . . . . . . . . . . . . 1 . 2 . Repair Station Hacks 14 | . 1 . 5 . . . . . 1 . 1 . 4 . 2 . Scan Component 5 | . . . 2 . . . . . . . . . 2 . 1 . Repair 5 | . . . 2 . . . . . . . . . 2 . 1 . Refit 4 | . 1 . 1 . . . . . 1 . 1 . . . . . Recycling Unit Hacks 1 | . . . . . . . . . . . . . 1 . . . Retrieve Components 1 | . . . . . . . . . . . . . 1 . . . Scanalyzer 14 | . . . . . . . 4 . . . 2 . . . 8 . Insert Component 6 | . . . . . . . 2 . . . 1 . . . 3 . Analyze 8 | . . . . . . . 2 . . . 1 . . . 5 . Garrison Access Hacks 5 | . . . . . . . 1 . 1 . . . 2 . 1 . Unlock Access 4 | . . . . . . . 1 . 1 . . . 1 . 1 . Seal Access 1 | . . . . . . . . . . . . . 1 . . . Unauthorized Hacks 46 | . 2 . 4 . . . 5 . 1 . 11 . 12 . 11 . Terminals 20 | . 2 . 4 . . . 2 . 1 . 3 . 4 . 4 . Assimilate 7 | . 1 . 2 . . . . . . . 1 . 2 . 1 . Botnet 5 | . . . 1 . . . 1 . . . 1 . 1 . 1 . Operators 8 | . 1 . 1 . . . 1 . 1 . 1 . 1 . 2 . Fabricators 8 | . . . . . . . . . . . 2 . 3 . 3 . Report 2 | . . . . . . . . . . . 1 . 1 . . . Liberate 2 | . . . . . . . . . . . . . 1 . 1 . Haulers 2 | . . . . . . . . . . . 1 . . . 1 . Recompile 2 | . . . . . . . . . . . . . 1 . 1 . Repair Stations 1 | . . . . . . . . . . . 1 . . . . . Mechanics 1 | . . . . . . . . . . . 1 . . . . . Recycling Units 14 | . . . . . . . 3 . . . 2 . 5 . 4 . Monitor 1 | . . . . . . . . . . . . . 1 . . . Reject 4 | . . . . . . . 1 . . . 1 . 1 . 1 . Recyclers 3 | . . . . . . . 1 . . . . . 1 . 1 . Mask 6 | . . . . . . . 1 . . . 1 . 2 . 2 . Scanalyzers . | . . . . . . . . . . . . . . . . . Garrison Access 3 | . . . . . . . . . . . 3 . . . . . Broadcast 1 | . . . . . . . . . . . 1 . . . . . Decoy 1 | . . . . . . . . . . . 1 . . . . . Watchers 1 | . . . . . . . . . . . 1 . . . . . Data Cores Recovered 2 | . 1 . . . . . . . . . 1 . . . . . Used 1 | . . . . . . . . . . . 1 . . . . . Hacking Detections 61 | . 5 . 7 . . 1 8 . 5 . 9 . 13 . 13 . Full Trace Events 3 | . 1 . . . . . . . . . 1 . . . 1 . Feedback Events . | . . . . . . . . . . . . . . . . . Feedback Blocked . | . . . . . . . . . . . . . . . . . Robot Schematics Acquired 4 | . 1 . . . . . . . . . . . 2 . 1 . Robots Built 3 | . . . . . . . . . . . . . 1 . 2 . Authchips 1 | . . . . . . . . . . . . . 1 . . . Time 98 | . . . . . . . . . . . . . 40 . 58 . Total Robot Build Rating 7 | . . . . . . . . . . . . . 1 . 6 . Part Schematics Acquired 10 | . . . . . . 2 2 . . . 1 . 1 . 4 . Parts Built 1 | . . . . . . . . . . . . . . . 1 . Authchips 1 | . . . . . . . . . . . . . . . 1 . Time 58 | . . . . . . . . . . . . . . . 58 . Total Part Build Rating 7 | . . . . . . . . . . . . . . . 7 . Parts Repaired 5 | . . . 2 . . . . . . . . . 2 . 1 . Time 196 | . . . 64 . . . . . . . . . 88 . 44 . Parts Recycled . | . . . . . . . . . . . . . . . . . Recycled Matter . | . . . . . . . . . . . . . . . . . Retrieved Matter . | . . . . . . . . . . . . . . . . . Retrieved Components 2 | . . . . . . . . . . . . . 2 . . . Parts Scanalyzed 6 | . . . . . . . 2 . . . 1 . . . 3 . Part Schematics Acquired 6 | . . . . . . . 2 . . . 1 . . . 3 . Parts Damaged 1 | . . . . . . . . . . . . . . . 1 . Bothacking | -11 -10 -10 -9 -9 -9 -8 -8 -8 -8 -8 -7 -7 -7 -7 -6 -6 ------------ Run | Jun Mat Min Mat Min Exi Min Mat Gar Mat Gar Fac Was Fac Gar Fac Gar Used RIF Installer 6 | . . . . . . . . 1 . 2 . . . 2 . 1 Coupler Efficiency 1 | . . . . . . . . . . 1 . . . . . . Threat Obfuscator 1 | . . . . . . . . . . . . . . 1 . . Robot Detection 1 | . . . . . . . . . . . . . . 1 . . Autooverride 2 | . . . . . . . . . . 1 . . . . . 1 Robots Hacked 1 | . . . . . . . . . . . . . 1 . . . Non-combat 1 | . . . . . . . . . . . . . 1 . . . Combat . | . . . . . . . . . . . . . . . . . Robot Hacks Applied 1 | . . . . . . . . . . . . . 1 . . . ignore_repairs 1 | . . . . . . . . . . . . . 1 . . . Relay Couplers Released . | . . . . . . . . . . . . . . . . . Fabnet Peak Effective % . | . . . . . . . . . . . . . . . . . Robots Rewired 3 | . . . 1 . . . 1 . . . 1 . . . . . Allies Hacked 1 | . . . . . . . . . . . . . . 1 . . Hacks Repelled . | . . . . . . . . . . . . . . . . . Allies | -11 -10 -10 -9 -9 -9 -8 -8 -8 -8 -8 -7 -7 -7 -7 -6 -6 -------- Run | Jun Mat Min Mat Min Exi Min Mat Gar Mat Gar Fac Was Fac Gar Fac Gar Total Allies 9 | . . . 1 . . . 1 . . . 1 . 3 . 3 . Largest Group 3 | . . . 1 . . . 1 . . . 1 . 2 1 3 2 Highest-Rated Group 68 | . . . 15 . . . 15 . . . 32 . 40 26 68 47 Highest-Rated Ally 32 | . . . 15 . . . 15 . . . 32 . 26 26 26 26 Total Orders 14 | . . . . . . . . . . . 1 . 8 4 . 1 STAY 9 | . . . . . . . . . . . 1 . 5 2 . 1 FOLLOW 4 | . . . . . . . . . . . . . 2 2 . . AID 1 | . . . . . . . . . . . . . 1 . . . Ally Attacks 26 | . . . 1 . . . 12 . . . 3 . . . 4 6 Total Damage 496 | . . . 31 . . . 236 . . . 128 . . . 87 14 Kills 5 | . . . . . . . 2 . . . 2 . . . 1 . Allies Corrupted . | . . . . . . . . . . . . . . . . . Allies Melted . | . . . . . . . . . . . . . . . . . Intel | -11 -10 -10 -9 -9 -9 -8 -8 -8 -8 -8 -7 -7 -7 -7 -6 -6 ------- Run | Jun Mat Min Mat Min Exi Min Mat Gar Mat Gar Fac Was Fac Gar Fac Gar Robot Analysis Total 2 | . . . . . . . . . . . . . . . 2 . Derelict Logs Recovered 2 | . . 1 . 1 . . . . . . . . . . . . Drone Launches . | . . . . . . . . . . . . . . . . . Drone Recoveries . | . . . . . . . . . . . . . . . . . Exploration | -11 -10 -10 -9 -9 -9 -8 -8 -8 -8 -8 -7 -7 -7 -7 -6 -6 ------------- Run | Jun Mat Min Mat Min Exi Min Mat Gar Mat Gar Fac Was Fac Gar Fac Gar Turns Passed 7245 | 70 1217 230 1093 509 270 157 1181 101 89 158 300 27 949 97 603 194 Spaces Moved 7700 | 58 830 194 771 556 295 146 717 131 202 184 739 83 1261 217 1075 241 Core 17 | 4 8 . . . . . . 2 . . . . . . . 3 Treads 114 | . 113 . . . . . . . . . . . . . . 1 Legs 16 | 8 . . . . . . . . . . . . . . . 8 Wheels 3253 | 46 528 194 771 556 295 146 717 . . . . . . . . . Hover 154 | . 154 . . . . . . . . . . . . . . . Flight 4146 | . 27 . . . . . . 129 202 184 739 83 1261 217 1075 229 Fastest Speed 31 | 50 76 105 90 90 90 90 90 31 31 31 31 31 31 31 31 31 Average Speed 62 | 94 116 105 90 90 90 90 95 37 33 32 31 31 31 31 31 38 Slowest Speed 280 | 120 280 105 90 90 90 90 120 250 34 34 31 31 31 31 31 200 Overloaded Moves . | . . . . . . . . . . . . . . . . . Propulsion Burnouts . | . . . . . . . . . . . . . . . . . Robots Hopped 18 | . . . . . . . . . 1 . 1 2 7 . . 7 Cave-ins Triggered . | . . . . . . . . . . . . . . . . . Exploration Rate (%) 47 | 3 92 43 78 99 70 19 70 34 20 33 22 80 35 38 31 43 Regions Visited 16 Branch Regions 4 Pre-discovered Areas 1 | . . . . . 1 . . . . . . . . . . . Known Exits Taken 4 | . . . . . . . 1 . 1 . . . 1 . 1 . Unknown Exits Taken 7 | 1 1 1 1 1 1 1 . . . . . . . . . . Scrap Searched 2 | . . 1 . 1 . . . . . . . . . . . . Spaces Dug 120 | . . . 28 . . 26 28 . . 2 5 . 18 . 12 1 Terrain Destroyed 442 | . 28 33 123 19 . 81 31 . . 2 5 . 90 . 29 1 Melee 54 | . . . . . . . 16 . . 2 5 . 18 . 12 1 Projectile . | . . . . . . . . . . . . . . . . . AOE 388 | . 28 33 123 19 . 81 15 . . . . . 72 . 17 . Terrain Rammed . | . . . . . . . . . . . . . . . . . Walls Destroyed . | . . . . . . . . . . . . . . . . . Machines Disabled . | . . . . . . . . . . . . . . . . . Actions | -11 -10 -10 -9 -9 -9 -8 -8 -8 -8 -8 -7 -7 -7 -7 -6 -6 --------- Run | Jun Mat Min Mat Min Exi Min Mat Gar Mat Gar Fac Was Fac Gar Fac Gar Total 9533 | 70 966 208 1047 561 300 165 1057 182 213 271 793 82 1747 238 1321 312 Wait 1221 | . 25 3 167 1 . 14 203 25 5 47 32 . 429 17 201 52 Move 7653 | 57 829 193 770 555 294 145 717 130 199 183 737 79 1247 216 1074 228 Hop 15 | . . . . . . . . . 1 . 1 1 6 . . 6 Pick Up 57 | 7 11 2 8 1 3 . 10 . 1 . 3 1 3 . 7 . Fast Attach 39 | 5 7 . 6 . . . 7 . 1 . 2 . 5 . 4 2 Attach 22 | 1 2 . 5 . . . 3 2 . . . . 1 . 3 5 Detach 5 | . 1 . . . . . . . . . . . 1 . 2 1 Swap 55 | . 15 2 9 1 . . 5 3 . 1 1 . 11 . 6 1 Drop 58 | . 18 . 4 1 3 . 11 3 1 . 5 1 3 . 7 1 Fire 173 | . 58 8 63 2 . 6 22 . . . 1 . 9 . 4 . Melee 162 | . . . . . . . 75 . 5 6 11 . 32 5 13 15 Ram 1 | . . . . . . . . . . . . . . . . 1 Kick . | . . . . . . . . . . . . . . . . . Crush . | . . . . . . . . . . . . . . . . . Escape Stasis 53 | . . . . . . . . 19 . 34 . . . . . . Rewire 19 | . . . 15 . . . 4 . . . . . . . . . Trap . | . . . . . . . . . . . . . . . . . Miscellaneous . | . . . . . . . . . . . . . . . . . Route ------- -11/Junkyard -10/Materials (discovered 5 exits: *Mat x3 / [*Min x2]) -10/Mines -9/Materials (discovered 3 exits: *Mat x2 / [*Min]) -9/Mines (discovered 4 exits: *Mat x2 / *Exi / [*Zio]) -9/Exiles -8/Mines -8/Materials (discovered 2 exits: *Fac / Gar) -8/Garrison -8/Materials -8/Garrison -7/Factory (discovered 2 exits: *Fac / [*Sto]) -7/Waste -7/Factory (discovered 3 exits: *Fac x2 / Gar) -7/Garrison (discovered 3 exits: *Fac x3) -6/Factory (discovered 2 exits: [*Low] / Gar) -6/Garrison History --------- Turn | Location | Event 24 | -11/Junkyard | Discovered new exit (range 16) 71 | -11/Junkyard | Entered Materials 313 | -10/Materials | Build established: Mutant 350 | -10/Materials | Discovered new exit (range 15) 412 | -10/Materials | Discovered new exit (range 9) 667 | -10/Materials | Discovered new exit (range 9) 906 | -10/Materials | Discovered new exit (range 15) 976 | -10/Materials | Discovered new exit (range 15) 1288 | -10/Materials | Entered Mines 1341 | -10/Mines | Learned Materials security intel 1342 | -10/Mines | Assembled infested the area 1439 | -10/Mines | Received a Rocket Launcher from a helpful Derelict 1465 | -10/Mines | Discovered new exit (range 11) 1500 | -10/Mines | Core integrity fell below 50% 1518 | -10/Mines | Entered Materials 1518 | -9/Materials | Evolved 2 slots: Propulsion x2 1661 | -9/Materials | Discovered new exit (range 11) 1693 | -9/Materials | Destroyed 7 combat bots 1784 | -9/Materials | Discovered new exit (range 8) 2179 | -9/Materials | Discovered new exit (range 5) 2296 | -9/Materials | Repaired Arm. Wheel 2330 | -9/Materials | Repaired Arm. Wheel 2611 | -9/Materials | Entered Mines 2651 | -9/Mines | A weapon hastily lodged in a ceiling crevice suddenly fell to the ground 2721 | -9/Mines | Discovered new exit (range 10) 2723 | -9/Mines | Learned Materials emergency access door positions 2836 | -9/Mines | Deemed a non-threat by the Exiles lab entrance 2836 | -9/Mines | Discovered new exit (range 5) 2934 | -9/Mines | Discovered new exit (range 11) 2935 | -9/Mines | A Derelict revealed a hidden shortcut to a safe place 3120 | -9/Mines | Entered Exiles 3142 | -9/Exiles | Met 8R-AWN 3157 | -9/Exiles | Met EX-HEX 3184 | -9/Exiles | Met EX-BIN 3194 | -9/Exiles | Aligned with FarCom system 3195 | -9/Exiles | Given EX-Vault access code 3218 | -9/Exiles | Opened EX-Vault 3223 | -9/Exiles | Found Trap Reconfigurator 3242 | -9/Exiles | Warned to stay clear of 0b10 Research branches 3268 | -9/Exiles | Met EX-DEC 3275 | -9/Exiles | Learned location of Zion (-7) 3382 | -9/Exiles | Discovered new exit (range 11) 3390 | -9/Exiles | Left Exiles lab with Trap Reconfigurator 3390 | -9/Exiles | Entered Mines 3437 | -8/Mines | Discovered new exit (range 5) 3547 | -8/Mines | Entered Materials 3547 | -8/Materials | Evolved 2 slots: Utility x2 3968 | -8/Materials | Build established: Hacker-Mutant 4100 | -8/Materials | Lost 3 parts (1p1n1u) 4704 | -8/Materials | Discovered new exit (range 14) 4728 | -8/Materials | Identified exit to Garrison 4728 | -8/Materials | Entered Garrison 4781 | -8/Garrison | Installed Relay Interface Framework 4826 | -8/Garrison | Discovered new exit (range 10) 4829 | -8/Garrison | Entered Materials 4834 | -8/Materials | Identified exit to Garrison 4918 | -8/Materials | Entered Garrison 4967 | -8/Garrison | Expanded RIF knowledge: Coupler Efficiency 5023 | -8/Garrison | Expanded RIF knowledge: Autooverride 5056 | -8/Garrison | Triggered checkpoint 5071 | -8/Garrison | Discovered new exit (range 12) 5076 | -8/Garrison | Entered Factory 5076 | -7/Factory | Evolved 2 slots: Utility x2 5090 | -7/Factory | Discovered new exit (range 11) 5174 | -7/Factory | Discovered new exit (range 9) 5335 | -7/Factory | Build established: Hacker-Sprinter 5376 | -7/Factory | Sucked down chute 5376 | -7/Factory | Entered Waste 5383 | -7/Waste | Spotted C-40 Crusher 5388 | -7/Waste | Spotted C-40 Crusher 5391 | -7/Waste | EMP discharged 5393 | -7/Waste | Spotted C-40 Crusher 5394 | -7/Waste | Spotted C-40 Crusher 5399 | -7/Waste | Spotted C-40 Crusher 5399 | -7/Waste | Discovered new exit (range 11) 5403 | -7/Waste | Entered Factory 5579 | -7/Factory | Discovered new exit (range 5) 5772 | -7/Factory | Fabricated M-13 Machinist (x1) 6243 | -7/Factory | Repaired Xenon Bombardment Thruster 6289 | -7/Factory | Repaired Xenon Bombardment Thruster 6337 | -7/Factory | Discovered new exit (range 16) 6351 | -7/Factory | Identified exit to Garrison 6352 | -7/Factory | Entered Garrison 6352 | -7/Garrison | Accompanied by 1 ally 6363 | -7/Garrison | Expanded RIF knowledge: Robot Detection 6402 | -7/Garrison | Triggered checkpoint 6409 | -7/Garrison | Discovered new exit (range 8) 6416 | -7/Garrison | Triggered checkpoint 6432 | -7/Garrison | Triggered checkpoint 6433 | -7/Garrison | Discovered new exit (range 39) 6433 | -7/Garrison | Discovered new exit (range 35) 6433 | -7/Garrison | Discovered new exit (range 26) 6438 | -7/Garrison | Expanded RIF knowledge: Threat Obfuscation 6449 | -7/Garrison | Entered Factory 6449 | -6/Factory | Evolved 2 slots: Utility x2 6623 | -6/Factory | Discovered new exit (range 7) 6702 | -6/Factory | Repaired Xenon Bombardment Thruster 6858 | -6/Factory | Fabricated H-55 Commando (x2) 6918 | -6/Factory | Fabricated Imp. Cloaking Device (x1) 6981 | -6/Factory | Identified exit to Garrison 7052 | -6/Factory | Entered Garrison 7052 | -6/Garrison | Accompanied by 2 allies 7114 | -6/Garrison | Triggered checkpoint 7132 | -6/Garrison | Triggered checkpoint 7190 | -6/Garrison | Core integrity fell below 50% 7210 | -6/Garrison | Triggered checkpoint 7224 | -6/Garrison | Expanded RIF knowledge: Autooverride 7230 | -6/Garrison | Core integrity fell below 20% 7237 | -6/Garrison | Spotted B-75 Beast 7246 | -6/Garrison | Destroyed by P-70 Sage with Tesla Rifle Last Messages --------------- 07200_ Acquired Flexi-carbon Leg. 07201_ Slug penetrates Wall. 07201_ Imp. Hacking Suite destroyed. 07202_ Acquired 5 matter. 07206_ Penetrated by Slug. 07211_ Slug penetrates Wall. Initiating installation procedure... 07224_ Expanded RIF knowledge: Autooverride. 07225_ Triggered Fusion Bomb Trap. 07225_ An explosion rips through the floor. 07225_ Machine disabled. 07229_ Xenon Bombardment Thruster destroyed. 07232_ Slammed into Y-54 Guardian. 07234_ Acquired 4 matter. 07234_ Slug penetrates Reinforced Barrier. 07237_ Nuclear Pulse Thruster destroyed. 07241_ Katana destroyed. 07241_ Hacking Suite destroyed. 07243_ Flexi-carbon Leg destroyed. 07244_ FL&FLBQT|NQHFHVOVPT1QEY8#58XLW Map ----- +----------------------------------------------------+ | ##??# # #??????????????????????^ "#????????????? | | ## + #??????????????????????^#"#????????????? | | #" # #?????????????????????? ###????????????? | | # #???????????????????????#??????????????? | | " #??????????????????????????????????????? | | # #??????????????????????????????????????? | | ## # #??????????????????????????????????????? | | ## #/#??????????????????????????????????????? | | #??????????????????????????????????????? | | #??????????????????????????????????????? | | #??????????????????????????????????????? | | #????????????????????????#######???????? | | ## ###????????????????????????# """"#####???? | | ## ############??????########## "#"" #???? | | +??????? + "#" #???? | | #???????#+"###### # #???? | | #?????### ###??# # ##??? | | """##++####+#### #?????#"# #??# #??? | | ???????????????# #?????#" #??# #?? | | ???????????????# #?????#" hl ####" ##?? | | ???????????????# #?????#" Y ; #" #??? | | ???????????????# #?????#"#p ## #"" "" #??? | | ???????????????# #?????###Yp#### ###### ####??? | | ?????????????###^ ^#########% ####+##!!#####?????? | | ?????????? ; p [[## !#????????? | | ???????????????# %@ BB [*%*%!*!#????????? | | ???????????????# #########BB######/!!##????????? | | ???????????????# #???????# #????#####?????????? | | ???????????????# #??????? ??????????????????? | | ???????????????# #??????? ?????????????????? | | ???????????????# #?????? "????????????????? | | ???????????????# #?????? !"???????????????? | | ???????????????# #?????? #### ="#??????????????? | | ???????????????#^^ #?????? ???? ="#??????????????? | | ??????????????g" #?????? ???? !"#??????????????? | | ??????????????g" #?????= ???? !"#??????????????? | | ??????????????g" #?????=??????*"???????????????? | | ???????????????# ?????????????""???????????????? | | ???????????????# ??????????????????????????????? | | ???????????????? ??????????????????????????????? | | ?????????????????????????????????????????????????? | | ?????????????????????????????????????????????????? | | ?????????????????????????????????????????????????? | | ?????????????????????????????????????????????????? | | ?????????????????????????????????????????????????? | | ?????????????????????????????????????????????????? | | ?????????????????????????????????????????????????? | | ?????????????????????????????????????????????????? | | ?????????????????????????????????????????????????? | | ?????????????????????????????????????????????????? | +----------------------------------------------------+ Best States ------------- Heat Dissipation 39 Energy Generation 18 Energy Capacity 250 Matter Stores 300 Matter Capacity 300 Sight Range 16 Robot Scan Range 14 Terrain Scan Density 10 ECM Strength 2 Cloak Strength 3 Armor Coverage 225 Evasion (%) 63 Core Analysis 6 Recoil Reduction 2 Offensive Hacking 42 Defensive Hacking 10 Authchip Count 1 Item Schematics ----------------- Hacking Suite | -8/Mines | Hacked System Shield | -8/Mines | Hacked Cesium-ion Thruster | -8/Materials | Scanalyzed Med. Storage Unit | -8/Materials | Scanalyzed System Restoration Module | -7/Factory | Scanalyzed Imp. Hacking Suite | -7/Factory | Hacked Adv. ECM Suite | -6/Factory | Scanalyzed Remote Datajack | -6/Factory | Scanalyzed Katana | -6/Factory | Scanalyzed Imp. Cloaking Device | -6/Factory | Hacked Robot Schematics ------------------ M-13 Machinist | -10/Materials | Hacked P-60 Hacker | -7/Factory | Hacked O-24 Administrator | -7/Factory | Hacked H-66 Slayer | -6/Factory | Hacked Fabricated ------------ M-13 Machinist | x1 | -7/Factory | Authchip H-55 Commando | x2 | -6/Factory | Preloaded Imp. Cloaking Device | x1 | -6/Factory | Authchip Alien Tech Used ----------------- None Achievements -------------- None Challenges ------------ None Game ------ Seed MetafieldMachineChip Manual? 0 Play Time 02:04:29 Cumulative 382.2 hours Start 2023.09.27 @ 15:53:41 End 2023.09.27 @ 18:02:24 Sessions 1 Manual Loads 0 Difficulty Rogue Special Mode None Game No. 242 Rogue 239 Adventurer 3 Explorer 0 Win Type - Total 7 Types 6/0/1/0/0/0/0/0/0 Lore% 69 Gallery% 76 Achievement% 66 Wizard Run 0 Options --------- ASCII 0 Keyboard 0 Movement Numpad Keybinds 0 Fullscreen 1 Font 18/SmallcapsGlow Map View 76x50 Tactical HUD 1 Map Filters NONE Filters NONE Steam 1 RUN: f8987e01-5814-4182-826d-61aa15f2584f